 Dungeon Crawl Stone Soup version 0.21-a0-522-ga8338f0 (webtiles) character file.

18 slep the Chopper (level 2, -1/22 HPs)
             Began as a Demonspawn Gladiator on Dec 6, 2017.
             Slain by a hobgoblin
             ... wielding a +0 club
              (2 damage)
             ... on level 1 of the Dungeon.
             The game lasted 00:00:56 (171 turns).

slep the Chopper (Demonspawn Gladiator)              Turns: 171, Time: 00:00:57

Health: -1/22      AC:  4    Str: 14    XL:     2   Next: 48%
Magic:  2/2        EV: 13    Int:  9    God:
Gold:   10         SH:  0    Dex: 14    Spells: 1/1 levels left

rFire    . . .     SeeInvis .   a - +0 war axe
rCold    + . .     Gourm    .   (no shield)
rNeg     . . .     Faith    .   b - +0 leather armour
rPois    .         Spirit   .   c - +0 helmet
rElec    .         Reflect  .   (no cloak)
rCorr    .         Harm     .   (no gloves)
MR       .....                  (no boots)
Stlth    +.........             (no amulet)
HPRegen  0.07/turn              (no ring)
MPRegen  0.08/turn              (no ring)

@: no status effects
A: cold resistance 1
a: no special abilities


You were on level 1 of the Dungeon.
You were not hungry.

You visited 1 branch of the dungeon, and saw 1 of its levels.

You collected 10 gold pieces.

Inventory:

Hand Weapons
 a - a +0 war axe (weapon)
Missiles
 d - 3 throwing nets (quivered)
 i - 7 curare-tipped needles
Armour
 b - a +0 leather armour (worn)
 c - a +0 helmet (worn)
Scrolls
 h - a scroll of teleportation {unknown}
Potions
 e - a potion of mutation {unknown}
 j - a potion of magic {unknown}
Comestibles
 f - a bread ration
 g - a royal jelly


   Skills:
 + Level 2.2 Fighting
 + Level 3.1 Axes
 + Level 1.7 Throwing
 + Level 2.9 Dodging


You had one spell level left.
You didn't know any spells.

Dungeon Overview and Level Annotations

Branches:
Dungeon (1/15)

Altars:


Innate Abilities, Weirdness & Mutations

Your flesh is cold resistant. (rC+)


Message History

* * * LOW HITPOINT WARNING * * *
The hobgoblin hits you but does no damage.
You hit the hobgoblin.
The hobgoblin is lightly wounded.
The hobgoblin hits you.
* * * LOW HITPOINT WARNING * * *
You slash the hobgoblin!
You kill the hobgoblin!
You hit the hobgoblin. The frilled lizard barely misses you.
You hit the hobgoblin but do no damage.
The hobgoblin is severely wounded.
You closely miss the hobgoblin. You closely miss the frilled lizard.
The hobgoblin barely misses you. The hobgoblin hits you with a club.
* * * LOW HITPOINT WARNING * * *
The frilled lizard misses you.
You slash the hobgoblin!
You kill the hobgoblin!
You barely miss the frilled lizard. You barely miss the hobgoblin.
The hobgoblin hits you with a club.
You die...

. #.# #.# ..# #.#
#.# .. #.# #.#
#.##.########.#
#(.......)....#
####.########.###
#.####...# #...#
........$# #.#.#
#.####†@.# #.#.#
#......lg.....##.#.#
####
#.#..##...###.##>#.#
#.<# ##. #..## #.#.#
##.## . ..## ....#
#.## #. ... ###.#
..# #.. #.. .## ##.
#.# ## ..#


You could see a hobgoblin and a frilled lizard.

Vanquished Creatures
  An ooze (D:1)
  A leopard gecko (D:1)
  2 giant cockroaches (D:1)
  A goblin (D:1)
  3 hobgoblins (D:1)
  A frilled lizard (D:1)
  2 kobolds (D:1)
11 creatures vanquished.

Notes
Turn   | Place    | Note
-------+----------+-------------------------------------------
     0 | D:1      | slep the Demonspawn Gladiator began the quest for the Orb.
     0 | D:1      | Reached XP level 1. HP: 16/16 MP: 1/1
    36 | D:1      | Reached skill level 3 in Axes
    51 | D:1      | Gained mutation: Your flesh is cold resistant. (rC+) [demonic ancestry]
    51 | D:1      | Reached XP level 2. HP: 7/22 MP: 2/2
   170 | D:1      | HP: 1/22 [hobgoblin/club (3)]
   171 | D:1      | Slain by a hobgoblin

Vault maps used:
D:1:      lemuel_arrival_tunnels, minmay_cupped

Skill      XL: |  1 |
---------------+----+-----
Axes           | 3 |  3.1
Fighting       | |  2.2
Throwing       | |  1.7
Dodging        | |  2.9

Action                   || total
-------------------------++-------
Melee: War axe           ||    27
 Stab: Sleeping          ||     1
Armor: Leather armour    ||     5
Dodge: Dodged            ||    15

Table legend:
 A = Spawn XP
 B = Non-spawn XP
 C = Spawn XP percentage of total XP
 D = Spawn monster count
 E = Non-spawn monster count
 F = Spawn count percentage of total count
 G = Total turns spent on level
                    A         B        C        D         E        F      G
               +---------+---------+-------+---------+---------+-------+---------
         Total |       0 |      26 |   0.0 |       0 |      11 |   0.0 |   171
               +---------+---------+-------+---------+---------+-------+---------
           D:1 |       0 |      26 |   0.0 |       0 |      11 |   0.0 |   171
               +---------+---------+-------+---------+---------+-------+---------
